Workbook

Sheet Tarif
A1: Code vin | B1: Mill. | C1: Libellé | D1: CHR 21/39/71 par 24 | E1: CHR 21/39/71 par 48 | F1: CHR 21/39/71 plus de 72
A2: - | B2: - | C2: - | D2: 0 | E2: 0 | F2: 0
A3: DOMAINE LOUIS MAX BLANC
A4: 23072015 | B4: 2015 | C4: MERCUREY Les Rochelles | D4: 13.4 | E4: 13 | F4: 12.8
A5: 23072017 | B5: 2017 | C5: MERCUREY Les Rochelles | D5: 13.4 | E5: 13 | F5: 12.8
A6: 22972015 | B6: 2015 | C6: MERCUREY Les Caudroyes | D6: 13.4 | E6: 13 | F6: 12.8
A7: 22972016 | B7: 2016 | C7: MERCUREY Les Caudroyes | D7: 13.4 | E7: 13 | F7: 12.8
A8: 22972017 | B8: 2017 | C8: MERCUREY Les Caudroyes | D8: 13.4 | E8: 13 | F8: 12.8
A9: 21612015 | B9: 2015 | C9: RULLY Les Plantenays | D9: 11.6 | E9: 11.2 | F9: 11
A10: 21672016 | B10: 2016 | C10: RULLY Les Plantenays | D10: 12.5 | E10: 12.1 | F10: 11.9
A11: 21672017 | B11: 2017 | C11: RULLY Les Plantenays | D11: 12.5 | E11: 12.1 | F11: 11.9
A13: DOMAINE LOUIS MAX ROUGE
A14: 23672015 | B14: 2015 | C14: MERCUREY Vignes du Domaine | D14: 12.5 | E14: 12.1 | F14: 11.9
A15: 23672016 | B15: 2016 | C15: MERCUREY Vignes du Domaine | D15: 12.5 | E15: 12.1 | F15: 11.9
A16: 236D2017 | B16: 2017 | C16: MERCUREY Vignes du Domaine | D16: 12.5 | E16: 12.1 | F16: 11.9
A17: 22872015 | B17: 2015 | C17: MERCUREY Clos La Marche (Monopole) | D17: 13.4 | E17: 13 | F17: 12.8
A18: 22872016 | B18: 2016 | C18: MERCUREY Clos La Marche (Monopole) | D18: 13.4 | E18: 13 | F18: 12.8
A19: 228D2017 | B19: 2017 | C19: MERCUREY Clos La Marche (Monopole) | D19: 13.4 | E19: 13 | F19: 12.8
A20: 49472014 | B20: 2014 | C20: MERCUREY 1er Cru Les Vasées | D20: 14.3 | E20: 13.9 | F20: 13.7
A21: 49472015 | B21: 2015 | C21: MERCUREY 1er Cru Les Vasées | D21: 15.2 | E21: 14.8 | F21: 14.6
A22: 49472016 | B22: 2016 | C22: MERCUREY 1er Cru Les Vasées | D22: 15.2 | E22: 14.8 | F22: 14.6
A23: 49472017 | B23: 2017 | C23: MERCUREY 1er Cru Les Vasées | D23: 15.2 | E23: 14.8 | F23: 14.6
A25: BOURGOGNES BIO
A26: 24072015 | B26: 2015 | C26: BOURGOGNE Chardonnay | D26: 7.2 | E26: 6.8 | F26: 6.6
A27: 27272015 | B27: 2015 | C27: BOURGOGNE Chardonnay | D27: 7.2 | E27: 6.8 | F27: 6.6
A28: 24072017 | B28: 2017 | C28: BOURGOGNE Chardonnay | D28: 7.2 | E28: 6.8 | F28: 6.6
A29: 27272015 | B29: 2015 | C29: BOURGOGNE CHARDONNAY Côte Chalonnaise | D29: 7.2 | E29: 6.8 | F29: 6.6
A30: 24072017 | B30: 2017 | C30: BOURGOGNE CHARDONNAY Côte Chalonnaise | D30: 7.2 | E30: 6.8 | F30: 6.6
A31: 23872015 | B31: 2015 | C31: BOURGOGNE Pinot Noir | D31: 7.2 | E31: 6.8 | F31: 6.6
A32: 23872016 | B32: 2016 | C32: BOURGOGNE Pinot Noir | D32: 7.2 | E32: 6.8 | F32: 6.6
A33: 238D2017 | B33: 2017 | C33: BOURGOGNE Pinot Noir | D33: 7.2 | E33: 6.8 | F33: 6.6
A34: 23872015 | B34: 2015 | C34: BOURGOGNE PINOT NOIR Côte Chalonnaise | D34: 7.2 | E34: 6.8 | F34: 6.6
A35: 23872016 | B35: 2016 | C35: BOURGOGNE PINOT NOIR Côte Chalonnaise | D35: 7.2 | E35: 6.8 | F35: 6.6
A36: 238D2017 | B36: 2017 | C36: BOURGOGNE PINOT NOIR Côte Chalonnaise | D36: 7.2 | E36: 6.8 | F36: 6.6
A37: 14272014 | B37: 2014 | C37: COTE DE BEAUNE VILLAGES Rouge | D37: 9.8 | E37: 9.4 | F37: 9.2
A38: 36072014 | B38: 2015 | C38: COTE DE BEAUNE VILLAGES Rouge | D38: 10.7 | E38: 10.3 | F38: 10.1
A39: 36072014 | B39: 2014 | C39: LADOIX Rouge | D39: 10.7 | E39: 10.3 | F39: 10.1
A40: 36072015 | B40: 2015 | C40: LADOIX Rouge | D40: 11.6 | E40: 11.2 | F40: 11
A41: 14272014 | B41: 2014 | C41: COTE DE NUITS-VILLAGES Rouge | D41: 11.6 | E41: 11.2 | F41: 11
A42: 30172018 | B42: 2018 | C42: ALOXE-CORTON Rouge | D42: 18.3 | E42: 17.9 | F42: 17.7
A43: 43672015 | B43: 2015 | C43: SAVIGNY LES BEAUNE 1er Cru Aux Fourneaux Rouge | D43: 20.5 | E43: 20.1 | F43: 19.9
A45: BOURGOGNES REGIONAUX BLANCS
A46: 12802016 | B46: 2016 | C46: BOURGOGNE ALIGOTE | D46: 5.4 | E46: 5 | F46: 4.8
A47: 27402017 | B47: 2017 | C47: BOURGOGNE ALIGOTE | D47: 5.4 | E47: 5 | F47: 4.8
A48: 11102016 | B48: 2016 | C48: BOURGOGNE CHARDONNAY Beaucharme | D48: 6.2 | E48: 5.8 | F48: 5.6
A49: 11102017 | B49: 2017 | C49: BOURGOGNE CHARDONNAY Beaucharme | D49: 6.2 | E49: 5.8 | F49: 5.6
A50: 11102018 | B50: 2018 | C50: BOURGOGNE CHARDONNAY Beaucharme | D50: 6.2 | E50: 5.8 | F50: 5.6
A52: BOURGOGNE REGIONAUX ROUGES
A53: 10702018 | B53: 2018 | C53: COTEAUX BOURGUIGNONS | D53: 4.4 | E53: 4 | F53: 3.8
A54: 13202017 | B54: 2017 | C54: BOURGOGNE PASSETOUTGRAINS | D54: 5 | E54: 4.6 | F54: 4.4
A55: 13202018 | B55: 2018 | C55: BOURGOGNE PASSETOUTGRAINS | D55: 5 | E55: 4.6 | F55: 4.4
A56: 11502016 | B56: 2016 | C56: BOURGOGNE PINOT NOIR Beaucharme | D56: 6.8 | E56: 6.4 | F56: 6.2
A57: 11502017 | B57: 2017 | C57: BOURGOGNE PINOT NOIR Beaucharme | D57: 6.8 | E57: 6.4 | F57: 6.2
A58: 11502018 | B58: 2018 | C58: BOURGOGNE PINOT NOIR Beaucharme | D58: 6.8 | E58: 6.4 | F58: 6.2
A59: 14102017 | B59: 2017 | C59: BOURGOGNE HAUTES-COTES DE NUITS | D59: 8 | E59: 7.6 | F59: 7.4
A60: 14102018 | B60: 2018 | C60: BOURGOGNE HAUTES-COTES DE NUITS | D60: 8 | E60: 7.6 | F60: 7.4
A61: 14302015 | B61: 2015 | C61: BOURGOGNE HAUTES-COTES DE BEAUNE | D61: 7.1 | E61: 6.7 | F61: 6.5
A62: 14302017 | B62: 2017 | C62: BOURGOGNE HAUTES-COTES DE BEAUNE | D62: 7.1 | E62: 6.7 | F62: 6.5
A63: 14302018 | B63: 2018 | C63: BOURGOGNE HAUTES-COTES DE BEAUNE
A65: COTE CHALONNAISE ET MACONNAIS - BLANCS
A66: 12202016 | B66: 2016 | C66: MACON-VILLAGES | D66: 6.2 | E66: 5.8 | F66: 5.6
A67: 12202017 | B67: 2017 | C67: MACON-VILLAGES | D67: 6.2 | E67: 5.8 | F67: 5.6
A68: 12202018 | B68: 2018 | C68: MACON-VILLAGES | D68: 6.2 | E68: 5.8 | F68: 5.6
A69: 26802015 | B69: 2015 | C69: MACON MILLY LAMARTINE Clos du Four | D69: 7.6 | E69: 7.2 | F69: 7
A70: 26802016 | B70: 2016 | C70: MACON MILLY LAMARTINE Clos du Four | D70: 7.6 | E70: 7.2 | F70: 7
A71: 26802017 | B71: 2017 | C71: MACON MILLY LAMARTINE Clos du Four | D71: 7.6 | E71: 7.2 | F71: 7
A72: 21602016 | B72: 2016 | C72: RULLY | D72: 9 | E72: 8.6 | F72: 8.4
A73: 10802017 | B73: 2017 | C73: SAINT VERAN | D73: 7.2 | E73: 6.8 | F73: 6.6
A74: 10802018 | B74: 2018 | C74: SAINT VERAN | D74: 7.2 | E74: 6.8 | F74: 6.6
A75: 21502017 | B75: 2017 | C75: POUILLY-FUISSE | D75: 9.8 | E75: 9.4 | F75: 9.2
A76: 21502018 | B76: 2018 | C76: POUILLY FUISSE | D76: 9.8 | E76: 9.4 | F76: 9.2
A78: CHABLIS
A79: 34002017 | B79: 2017 | C79: CHABLIS Saint Jean | D79: 7.1 | E79: 6.7 | F79: 6.5
B80: 2018 | C80: CHABLIS Saint Jean | D80: 7.1 | E80: 6.7 | F80: 6.5
A82: 58502015 | B82: 2015 | C82: CHABLIS 1er Cru Beauroy | D82: 16.1 | E82: 15.7 | F82: 15.5
A83: 56402015 | B83: 2015 | C83: CHABLIS 1er Cru Fourchaumes | D83: 20.5 | E83: 20.1 | F83: 19.9
A85: 58802016 | B85: 2016 | C85: CHABLIS Grand Cru Bougros | D85: 32.1 | E85: 31.7 | F85: 31.5
A87: COTE CHALONNAISE ET MACONNAIS - ROUGES
A88: 12402016 | B88: 2015 | C88: MACON | D88: 4.5 | E88: 4.1 | F88: 3.9
A89: 12402017 | B89: 2017 | C89: MACON | D89: 4.5 | E89: 4.1 | F89: 3.9
A90: 21802015 | B90: 2015 | C90: RULLY | D90: 9.9 | E90: 9.5 | F90: 9.3
A92: COTE DE BEAUNE - BLANCS
A93: 22402015 | B93: 2015 | C93: SAINT ROMAIN | D93: 13.4 | E93: 13 | F93: 12.8
A94: 22402017 | B94: 2017 | C94: SAINT ROMAIN | D94: 13.4 | E94: 13 | F94: 12.8
A95: 30702016 | B95: 2016 | C95: MEURSAULT L'Or Blanc | D95: 23.2 | E95: 22.8 | F95: 22.6
A96: 30702017 | B96: 2017 | C96: MEURSAULT L'Or Blanc | D96: 23.2 | E96: 22.8 | F96: 22.6
A97: 30702018 | B97: 2018 | C97: MEURSAULT L'Or Blanc
A98: 30502017 | B98: 2017 | C98: CHASSAGNE-MONTRACHET | D98: 27.6 | E98: 27.2 | F98: 27
A99: 30502018 | B99: 2018 | C99: CHASSAGNE-MONTRACHET
A100: 31002015 | B100: 2015 | C100: PULIGNY MONTRACHET | D100: 27.6 | E100: 27.2 | F100: 27
A101: 31002018 | B101: 2018 | C101: PULIGNY MONTRACHET
A103: 52302015 | B103: 2015 | C103: LADOIX 1er Cru Les Grechons | D103: 21.4 | E103: 21 | F103: 20.8
A104: 52102015 | B104: 2015 | C104: MEURSAULT 1er Cru Blagny | D104: 44.5 | E104: 44.1 | F104: 43.9
A106: 52402017 | B106: 2017 | C106: CORTON CHARLEMAGNE Grand Cru | D106: 72.1 | E106: 71.7 | F106: 71.5
A108: COTE DE BEAUNE - ROUGES
A109: 14002014 | B109: 2014 | C109: COTE DE BEAUNE-VILLAGES | D109: 9.8 | E109: 9.4 | F109: 9.2
A110: 14002015 | B110: 2015 | C110: COTE DE BEAUNE-VILLAGES | D110: 10.7 | E110: 10.3 | F110: 10.1
A111: 14002016 | B111: 2016 | C111: COTE DE BEAUNE-VILLAGES | D111: 11.6 | E111: 11.2 | F111: 11
A112: 31302014 | B112: 2014 | C112: SAVIGNY-LES-BEAUNE | D112: 10.7 | E112: 10.3 | F112: 10.1
A113: 31302017 | B113: 2017 | C113: SAVIGNY-LES-BEAUNE | D113: 11.6 | E113: 11.2 | F113: 11
...

Sheet FACTURE
B2: SARL KIKEON
B3: 2, Place du monument
B4: 21200 BOUZE LES BEAUNE
B5: Tel : 06 75 86 82 94
B6: Mail : loic.v@louis-max.fr
B7: Date : | D7: Facturation :
B8: Client n° :
B9: Commande n° : | D9: Livraison :
B11: Référence | C11: Désignation | D11: Millésime | E11: P.U. x24 | F11: P.U. x48 | G11: P.U. x72 | H11: Quantité | I11: Total HT | J11: TVA
B12: 23072015 | C12: =VLOOKUP($B12,Tarif!$A$1:$F$273,3,FALSE) -> MERCUREY Les Rochelles | D12: =VLOOKUP($B12,Tarif!$A$1:$F$273,2,FALSE) -> 2015 | E12: =VLOOKUP($B12,Tarif!$A$1:$F$273,4,FALSE) -> 13.4 | F12: =VLOOKUP($B12,Tarif!$A$1:$F$273,5,FALSE) -> 13 | G12: =VLOOKUP($B12,Tarif!$A$1:$F$273,6,FALSE) -> 12.8 | H12: 24 | I12: =IF($H$29<48,E12,IF($H$29>71,G12,$H$29)*H12) -> 307.2 | J12: =I12*0.2 -> 61.44
B13: 23872016 | C13: =VLOOKUP($B13,Tarif!$A$1:$F$273,3,FALSE) -> BOURGOGNE Pinot Noir | D13: =VLOOKUP($B13,Tarif!$A$1:$F$273,2,FALSE) -> 2016 | E13: =VLOOKUP($B13,Tarif!$A$1:$F$273,4,FALSE) -> 7.2 | F13: =VLOOKUP($B13,Tarif!$A$1:$F$273,5,FALSE) -> 6.8 | G13: =VLOOKUP($B13,Tarif!$A$1:$F$273,6,FALSE) -> 6.6 | H13: 24 | J13: =I13*0.2 -> 0
B14: 83602017 | C14: =VLOOKUP($B14,Tarif!$A$1:$F$273,3,FALSE) -> CORBIERES Château Pech-Latt - Rosé | D14: =VLOOKUP($B14,Tarif!$A$1:$F$273,2,FALSE) -> 2017 | E14: =VLOOKUP($B14,Tarif!$A$1:$F$273,4,FALSE) -> 4.4 | F14: =VLOOKUP($B14,Tarif!$A$1:$F$273,5,FALSE) -> 4 | G14: =VLOOKUP($B14,Tarif!$A$1:$F$273,6,FALSE) -> 3.8 | H14: 24 | J14: =I14*0.2 -> 0
B15: - | C15: =VLOOKUP($B15,Tarif!$A$1:$F$273,3,FALSE) -> - | D15: =VLOOKUP($B15,Tarif!$A$1:$F$273,2,FALSE) -> - | E15: =VLOOKUP($B15,Tarif!$A$1:$F$273,4,FALSE) -> 0 | F15: =VLOOKUP($B15,Tarif!$A$1:$F$273,5,FALSE) -> 0 | G15: =VLOOKUP($B15,Tarif!$A$1:$F$273,6,FALSE) -> 0 | H15: 0 | I15: =IF($H$29<48,E15,IF($H$29>71,G15,IF(48<$H$29<72,F15)))*H15 -> 0 | J15: =I15*0.2 -> 0
B16: - | C16: =VLOOKUP($B16,Tarif!$A$1:$F$273,3,FALSE) -> - | D16: =VLOOKUP($B16,Tarif!$A$1:$F$273,2,FALSE) -> - | E16: =VLOOKUP($B16,Tarif!$A$1:$F$273,4,FALSE) -> 0 | F16: =VLOOKUP($B16,Tarif!$A$1:$F$273,5,FALSE) -> 0 | G16: =VLOOKUP($B16,Tarif!$A$1:$F$273,6,FALSE) -> 0 | H16: 0 | I16: =IF($H$29<48,E16,IF($H$29>71,G16,IF(48<$H$29<72,F16)))*H16 -> 0 | J16: =I16*0.2 -> 0
B17: - | C17: =VLOOKUP($B17,Tarif!$A$1:$F$273,3,FALSE) -> - | D17: =VLOOKUP($B17,Tarif!$A$1:$F$273,2,FALSE) -> - | E17: =VLOOKUP($B17,Tarif!$A$1:$F$273,4,FALSE) -> 0 | F17: =VLOOKUP($B17,Tarif!$A$1:$F$273,5,FALSE) -> 0 | G17: =VLOOKUP($B17,Tarif!$A$1:$F$273,6,FALSE) -> 0 | H17: 0 | I17: =IF($H$29<48,E17,IF($H$29>71,G17,IF(48<$H$29<72,F17)))*H17 -> 0 | J17: =I17*0.2 -> 0
B18: - | C18: =VLOOKUP($B18,Tarif!$A$1:$F$273,3,FALSE) -> - | D18: =VLOOKUP($B18,Tarif!$A$1:$F$273,2,FALSE) -> - | E18: =VLOOKUP($B18,Tarif!$A$1:$F$273,4,FALSE) -> 0 | F18: =VLOOKUP($B18,Tarif!$A$1:$F$273,5,FALSE) -> 0 | G18: =VLOOKUP($B18,Tarif!$A$1:$F$273,6,FALSE) -> 0 | H18: 0 | I18: =IF($H$29<48,E18,IF($H$29>71,G18,IF(48<$H$29<72,F18)))*H18 -> 0 | J18: =I18*0.2 -> 0
B19: - | C19: =VLOOKUP($B19,Tarif!$A$1:$F$273,3,FALSE) -> - | D19: =VLOOKUP($B19,Tarif!$A$1:$F$273,2,FALSE) -> - | E19: =VLOOKUP($B19,Tarif!$A$1:$F$273,4,FALSE) -> 0 | F19: =VLOOKUP($B19,Tarif!$A$1:$F$273,5,FALSE) -> 0 | G19: =VLOOKUP($B19,Tarif!$A$1:$F$273,6,FALSE) -> 0 | H19: 0 | I19: =IF($H$29<48,E19,IF($H$29>71,G19,IF(48<$H$29<72,F19)))*H19 -> 0 | J19: =I19*0.2 -> 0
B20: - | C20: =VLOOKUP($B20,Tarif!$A$1:$F$273,3,FALSE) -> - | D20: =VLOOKUP($B20,Tarif!$A$1:$F$273,2,FALSE) -> - | E20: =VLOOKUP($B20,Tarif!$A$1:$F$273,4,FALSE) -> 0 | F20: =VLOOKUP($B20,Tarif!$A$1:$F$273,5,FALSE) -> 0 | G20: =VLOOKUP($B20,Tarif!$A$1:$F$273,6,FALSE) -> 0 | H20: 0 | I20: =IF($H$29<48,E20,IF($H$29>71,G20,IF(48<$H$29<72,F20)))*H20 -> 0 | J20: =I20*0.2 -> 0
B21: - | C21: =VLOOKUP($B21,Tarif!$A$1:$F$273,3,FALSE) -> - | D21: =VLOOKUP($B21,Tarif!$A$1:$F$273,2,FALSE) -> - | E21: =VLOOKUP($B21,Tarif!$A$1:$F$273,4,FALSE) -> 0 | F21: =VLOOKUP($B21,Tarif!$A$1:$F$273,5,FALSE) -> 0 | G21: =VLOOKUP($B21,Tarif!$A$1:$F$273,6,FALSE) -> 0 | H21: 0 | I21: =IF($H$29<48,E21,IF($H$29>71,G21,IF(48<$H$29<72,F21)))*H21 -> 0 | J21: =I21*0.2 -> 0
B22: - | C22: =VLOOKUP($B22,Tarif!$A$1:$F$273,3,FALSE) -> - | D22: =VLOOKUP($B22,Tarif!$A$1:$F$273,2,FALSE) -> - | E22: =VLOOKUP($B22,Tarif!$A$1:$F$273,4,FALSE) -> 0 | F22: =VLOOKUP($B22,Tarif!$A$1:$F$273,5,FALSE) -> 0 | G22: =VLOOKUP($B22,Tarif!$A$1:$F$273,6,FALSE) -> 0 | H22: 0 | I22: =IF($H$29<48,E22,IF($H$29>71,G22,IF(48<$H$29<72,F22)))*H22 -> 0 | J22: =I22*0.2 -> 0
B23: - | C23: =VLOOKUP($B23,Tarif!$A$1:$F$273,3,FALSE) -> - | D23: =VLOOKUP($B23,Tarif!$A$1:$F$273,2,FALSE) -> - | E23: =VLOOKUP($B23,Tarif!$A$1:$F$273,4,FALSE) -> 0 | F23: =VLOOKUP($B23,Tarif!$A$1:$F$273,5,FALSE) -> 0 | G23: =VLOOKUP($B23,Tarif!$A$1:$F$273,6,FALSE) -> 0 | H23: 0 | I23: =IF($H$29<48,E23,IF($H$29>71,G23,IF(48<$H$29<72,F23)))*H23 -> 0 | J23: =I23*0.2 -> 0
B24: - | C24: =VLOOKUP($B24,Tarif!$A$1:$F$273,3,FALSE) -> - | D24: =VLOOKUP($B24,Tarif!$A$1:$F$273,2,FALSE) -> - | E24: =VLOOKUP($B24,Tarif!$A$1:$F$273,4,FALSE) -> 0 | F24: =VLOOKUP($B24,Tarif!$A$1:$F$273,5,FALSE) -> 0 | G24: =VLOOKUP($B24,Tarif!$A$1:$F$273,6,FALSE) -> 0 | H24: 0 | I24: =IF($H$29<48,E24,IF($H$29>71,G24,IF(48<$H$29<72,F24)))*H24 -> 0 | J24: =I24*0.2 -> 0
B25: - | C25: =VLOOKUP($B25,Tarif!$A$1:$F$273,3,FALSE) -> - | D25: =VLOOKUP($B25,Tarif!$A$1:$F$273,2,FALSE) -> - | E25: =VLOOKUP($B25,Tarif!$A$1:$F$273,4,FALSE) -> 0 | F25: =VLOOKUP($B25,Tarif!$A$1:$F$273,5,FALSE) -> 0 | G25: =VLOOKUP($B25,Tarif!$A$1:$F$273,6,FALSE) -> 0 | H25: 0 | I25: =IF($H$29<48,E25,IF($H$29>71,G25,IF(48<$H$29<72,F25)))*H25 -> 0 | J25: =I25*0.2 -> 0
B26: - | C26: =VLOOKUP($B26,Tarif!$A$1:$F$273,3,FALSE) -> - | D26: =VLOOKUP($B26,Tarif!$A$1:$F$273,2,FALSE) -> - | E26: =VLOOKUP($B26,Tarif!$A$1:$F$273,4,FALSE) -> 0 | F26: =VLOOKUP($B26,Tarif!$A$1:$F$273,5,FALSE) -> 0 | G26: =VLOOKUP($B26,Tarif!$A$1:$F$273,6,FALSE) -> 0 | H26: 0 | I26: =IF($H$29<48,E26,IF($H$29>71,G26,IF(48<$H$29<72,F26)))*H26 -> 0 | J26: =I26*0.2 -> 0
... B28: - | C28: =VLOOKUP($B28,Tarif!$A$1:$F$273,3,FALSE) -> - | D28: =VLOOKUP($B28,Tarif!$A$1:$F$273,2,FALSE) -> - | E28: =VLOOKUP($B28,Tarif!$A$1:$F$273,4,FALSE) -> 0 | F28: =VLOOKUP($B28,Tarif!$A$1:$F$273,5,FALSE) -> 0 | G28: =VLOOKUP($B28,Tarif!$A$1:$F$273,6,FALSE) -> 0 | H28: 0 | I28: =IF($H$29<48,E28,IF($H$29>71,G28,IF(48<$H$29<72,F28)))*H28 -> 0 | J28: =I28*0.2 -> 0
B29: TOTAL = | H29: =SUM(H12:H28) -> 72 | I29: =SUM(I12:I28) -> 307.2
H30: TVA 20% = | I30: =SUM(J12:J28) -> 61.44
H31: TOTAL TTC = | I31: =I29+I30 -> 368.64
B33: Toutes modifications de cette commande (tarif, volume, commission ou autre) ne pourront être faites sans notre accord afin de respecter les accords de chacun pour l'intérêt de tous.
B34: ATTENTION : Toute commande ne pourra être livrée que si les précédentes échéances sont réglées

Sheet Feuil2
C1: PRIX | D1: VINS
C2: 1 | D2: a | G2: vins
C3: 2 | D3: b | G3: - | H3: =VLOOKUP(G3,C1:D17,2,FALSE) -> -
C4: 3 | D4: c | G4: 12 | H4: =VLOOKUP(G4,C2:D18,2,FALSE) -> l
C5: 4 | D5: d | G5: - | H5: =VLOOKUP(G5,C3:D19,2,FALSE) -> -
C6: 5 | D6: e | G6: - | H6: =VLOOKUP(G6,C4:D20,2,FALSE) -> -
C7: 6 | D7: f | G7: - | H7: =VLOOKUP(G7,C5:D21,2,FALSE) -> -
C8: 7 | D8: g | G8: - | H8: =VLOOKUP(G8,C6:D22,2,FALSE) -> -
C9: 8 | D9: h | G9: - | H9: =VLOOKUP(G9,C7:D23,2,FALSE) -> -
C10: 9 | D10: i | G10: - | H10: =VLOOKUP(G10,C8:D24,2,FALSE) -> -
C11: 10 | D11: j | G11: - | H11: =VLOOKUP(G11,C9:D25,2,FALSE) -> -
C12: 11 | D12: k | G12: - | H12: =VLOOKUP(G12,C10:D26,2,FALSE) -> -
C13: 12 | D13: l | G13: - | H13: =VLOOKUP(G13,C11:D27,2,FALSE) -> -
C14: 13 | D14: m | G14: - | H14: =VLOOKUP(G14,C12:D28,2,FALSE) -> -
C15: 14 | D15: n | G15: - | H15: =VLOOKUP(G15,C13:D29,2,FALSE) -> -
C16: 15 | D16: o | G16: - | H16: =VLOOKUP(G16,C14:D30,2,FALSE) -> -
C17: - | D17: -
